Match 42747994
Unlisted

Match 42747994
End
Pioneer Squad
Pioneer Squad
Pioneer Squad
Construct Infanterie Kompanie
Selects Terror Battlegroup
Selects Machine Gun Camouflage
MG 42 Machine Gun Team
MG 42 Machine Gun Team
Grenadier Squad
Grenadier Squad
Construct Luftwaffe Kompanie
221 Scout Car
Jäger Squad
Support Elements
Wirbelwind Flakpanzer
Medical Bunker
Selects Interrogate
Selects Propaganda Leaflet Drop
Wirbelwind Flakpanzer
Construct Panzergrenadier Kompanie
Jäger Squad
Selects Defend the Fatherland
Nebelwerfer 42 Rocket Launcher Team
Pak 40 Anti-tank Gun Team
spoto
Kilorss
0
0

Comments sign in to comment!

No comments posted yet!